[ PARTIDA AOE2 · #493840536 ]
UnrankedCeltas vs Malay
Equipo del jugador · VICT
Equipo rival · DERR
[ ANÁLISIS DE REPETICIÓN · EXTRAÍDO DE LA PARTIDA GRABADA ]
Feudal
9:26
Castillos
19:39
Imperial
—
| APM promedio | 78.7 |
| APM pico | 113 |
| eAPM promedio | 35.0 |
| Aldeanos / militares | 141 / 81 |
Foco
⚔️ 36.0% · 🌾 64.0%
Archer ×48 · Mangonel ×25 · Skirmisher ×4 · Battering Ram ×3 · Scorpion ×1
Feudal
8:30
Castillos
18:25
Imperial
—
| APM promedio | 66.6 |
| APM pico | 102 |
| eAPM promedio | 28.6 |
| Aldeanos / militares | 124 / 91 |
Foco
⚔️ 45.9% · 🌾 54.1%
Archer ×69 · Mangonel ×22
Mapa de la partida
Recursos iniciales + cada clic de construcción. Líneas = muros · curvas = relieve. ◆ oro · ⬟ piedra · ● bayas · ✦ reliquia · ◌ hueco del cierre
Tu base· ✓ Cerrada en 19:39 · 48t muro · sin puerta
Base de DS_Uruguayo· ✓ Cerrada en 18:25 · 36t muro · 2 puerta(s)
Terreno inicial suavizado · ◌ = hueco del cierre detectado · pasá el cursor para detalles
Inputs por minuto
— Danatis - - DS_Uruguayo
Build order — Danatis
Primeras 150 de 324 acciones detectadas
| 0:00 | Crear | Villager (Male) ×4 |
| 0:02 | Construir | House |
| 0:03 | Construir | House |
| 1:35 | Crear | Villager (Male) |
| 1:35 | Crear | Villager (Male) |
| 1:59 | Construir | Lumber Camp |
| 2:18 | Crear | Villager (Male) |
| 2:19 | Crear | Villager (Male) |
| 2:30 | Crear | Villager (Male) |
| 2:30 | Crear | Villager (Male) |
| 3:10 | Crear | Villager (Male) |
| 3:11 | Crear | Villager (Male) |
| 3:47 | Crear | Villager (Male) |
| 4:07 | Construir | House |
| 4:11 | Crear | Villager (Male) |
| 4:35 | Construir | Palisade Wall |
| 4:36 | Construir | Palisade Wall |
| 4:44 | Crear | Villager (Male) |
| 4:55 | Construir | Mill |
| 5:06 | Construir | Barracks |
| 5:13 | Construir | Barracks |
| 5:16 | Crear | Villager (Male) |
| 5:29 | Crear | Villager (Male) |
| 5:30 | Crear | Villager (Male) |
| 6:06 | Crear | Villager (Male) |
| 6:06 | Crear | Villager (Male) |
| 6:34 | Investigar | Loom |
| 6:48 | Construir | House |
| 7:16 | Investigar | Feudal Age |
| 7:20 | Construir | Mill |
| 8:02 | Construir | Farm |
| 8:19 | Construir | Farm |
| 8:21 | Construir | Farm |
| 9:00 | Crear | Villager (Male) |
| 9:00 | Crear | Villager (Male) |
| 9:26 | Edad | Edad Feudal |
| 9:26 | Construir | Mining Camp |
| 9:28 | Construir | Archery Range |
| 9:32 | Crear | Villager (Male) |
| 9:54 | Crear | Villager (Male) |
| 10:09 | Crear | Archer |
| 10:18 | Construir | House |
| 10:20 | Crear | Villager (Male) |
| 10:32 | Construir | House |
| 10:33 | Construir | Palisade Wall |
| 10:34 | Construir | Palisade Wall |
| 10:34 | Construir | Palisade Wall |
| 10:34 | Construir | Palisade Wall |
| 10:35 | Construir | Palisade Wall |
| 10:39 | Investigar | Double-Bit Axe |
| 10:40 | Crear | Villager (Male) |
| 10:41 | Crear | Villager (Male) |
| 10:44 | Crear | Villager (Male) |
| 10:45 | Crear | Villager (Male) |
| 11:04 | Construir | Farm |
| 11:06 | Crear | Archer |
| 11:25 | Crear | Villager (Male) |
| 11:37 | Construir | Farm |
| 11:40 | Crear | Archer |
| 11:56 | Crear | Villager (Male) |
| 11:56 | Crear | Villager (Male) |
| 11:56 | Crear | Villager (Male) |
| 12:19 | Crear | Archer |
| 12:26 | Crear | Villager (Male) |
| 12:30 | Construir | House |
| 12:31 | Construir | Palisade Wall |
| 12:32 | Construir | Palisade Wall |
| 12:32 | Construir | Palisade Wall |
| 12:32 | Construir | Palisade Wall |
| 12:33 | Construir | Palisade Wall |
| 12:44 | Construir | Blacksmith |
| 12:50 | Crear | Villager (Male) |
| 12:54 | Construir | Farm |
| 12:55 | Construir | Farm |
| 13:09 | Crear | Villager (Male) |
| 13:12 | Construir | Farm |
| 13:25 | Crear | Villager (Male) |
| 13:31 | Crear | Villager (Male) |
| 13:37 | Construir | Palisade Wall |
| 13:38 | Crear | Villager (Male) |
| 13:43 | Construir | Palisade Wall |
| 13:46 | Construir | Palisade Wall |
| 13:46 | Construir | Palisade Wall |
| 14:04 | Crear | Archer |
| 14:07 | Crear | Villager (Male) |
| 14:20 | Construir | Palisade Wall |
| 14:28 | Crear | Villager (Male) |
| 14:29 | Crear | Archer |
| 14:31 | Construir | Palisade Wall |
| 14:35 | Construir | Farm |
| 14:37 | Construir | Farm |
| 14:39 | Construir | Farm |
| 14:40 | Construir | Farm |
| 14:45 | Construir | House |
| 14:46 | Crear | Villager (Male) |
| 14:57 | Crear | Villager (Male) |
| 14:58 | Construir | Palisade Wall |
| 15:02 | Construir | Farm |
| 15:11 | Crear | Villager (Male) |
| 15:15 | Construir | Palisade Wall |
| 15:18 | Construir | Palisade Wall |
| 15:20 | Crear | Archer |
| 15:23 | Construir | Farm |
| 15:36 | Construir | House |
| 15:51 | Construir | Farm |
| 15:53 | Crear | Villager (Male) |
| 16:02 | Crear | Villager (Male) |
| 16:05 | Construir | Farm |
| 16:34 | Construir | House |
| 16:36 | Construir | Palisade Wall |
| 16:40 | Construir | Farm |
| 16:41 | Construir | Farm |
| 16:59 | Investigar | Castle Age |
| 16:59 | Investigar | Castle Age |
| 17:00 | Investigar | Castle Age |
| 17:02 | Crear | Archer |
| 17:25 | Crear | Archer |
| 17:40 | Crear | Archer |
| 17:54 | Investigar | Horse Collar |
| 18:09 | Investigar | Gold Mining |
| 18:15 | Crear | Archer |
| 18:45 | Investigar | Fletching |
| 19:03 | Crear | Archer |
| 19:11 | Crear | Villager (Male) |
| 19:14 | Investigar | Wheelbarrow |
| 19:19 | Crear | Villager (Male) ×5 |
| 19:39 | Edad | Edad de los Castillos |
| 19:40 | Construir | Siege Workshop |
| 19:45 | Investigar | Crossbowman (upgrade) |
| 19:45 | Investigar | Bodkin Arrow |
| 19:47 | Investigar | Bodkin Arrow |
| 19:47 | Investigar | Bodkin Arrow |
| 19:55 | Crear | Archer |
| 20:03 | Construir | House |
| 20:04 | Construir | House |
| 20:06 | Construir | House |
| 20:12 | Crear | Archer |
| 20:12 | Crear | Archer |
| 20:19 | Crear | Villager (Male) ×3 |
| 20:28 | Crear | Villager (Male) |
| 20:30 | Crear | Archer |
| 20:31 | Crear | Archer |
| 20:43 | Crear | Villager (Male) |
| 20:50 | Crear | Scorpion |
| 20:53 | Crear | Villager (Male) |
| 21:19 | Crear | Archer |
| 21:19 | Crear | Archer |
| 21:19 | Crear | Villager (Male) |
| 21:26 | Construir | Palisade Wall |
| 21:48 | Construir | House |
Build order — DS_Uruguayo
Primeras 150 de 312 acciones detectadas
| 0:02 | Crear | Villager (Male) |
| 0:02 | Construir | House |
| 0:03 | Construir | House |
| 0:29 | Crear | Villager (Male) |
| 0:29 | Crear | Villager (Male) |
| 0:30 | Crear | Villager (Male) |
| 1:27 | Crear | Villager (Male) |
| 1:27 | Crear | Villager (Male) |
| 1:27 | Crear | Villager (Male) |
| 2:02 | Construir | Lumber Camp |
| 2:05 | Crear | Villager (Male) |
| 2:05 | Crear | Villager (Male) |
| 2:14 | Crear | Villager (Male) |
| 2:14 | Crear | Villager (Male) |
| 2:14 | Crear | Villager (Male) |
| 2:48 | Crear | Villager (Male) |
| 2:48 | Crear | Villager (Male) |
| 3:13 | Crear | Villager (Male) |
| 3:14 | Crear | Villager (Male) |
| 3:51 | Crear | Villager (Male) |
| 3:51 | Crear | Villager (Male) |
| 3:53 | Construir | House |
| 4:36 | Crear | Villager (Male) |
| 4:36 | Crear | Villager (Male) |
| 5:09 | Crear | Villager (Male) |
| 5:25 | Crear | Villager (Male) |
| 5:33 | Construir | Mill |
| 5:34 | Crear | Villager (Male) |
| 6:27 | Investigar | Loom |
| 6:50 | Construir | Mining Camp |
| 7:12 | Investigar | Feudal Age |
| 7:13 | Investigar | Feudal Age |
| 7:54 | Crear | Villager (Male) |
| 8:10 | Construir | Barracks |
| 8:14 | Construir | House |
| 8:22 | Crear | Villager (Male) |
| 8:28 | Crear | Villager (Male) |
| 8:30 | Edad | Edad Feudal |
| 8:38 | Investigar | Town Watch |
| 8:38 | Crear | Villager (Male) |
| 8:43 | Crear | Villager (Male) |
| 9:12 | Construir | Archery Range |
| 9:17 | Crear | Villager (Male) |
| 9:37 | Crear | Villager (Male) |
| 9:42 | Crear | Villager (Male) |
| 9:54 | Crear | Archer |
| 9:57 | Construir | Palisade Wall |
| 9:59 | Construir | House |
| 10:03 | Crear | Villager (Male) |
| 10:15 | Construir | House |
| 10:16 | Construir | Palisade Wall |
| 10:16 | Construir | Palisade Wall |
| 10:21 | Crear | Archer |
| 10:36 | Construir | House |
| 10:37 | Construir | House |
| 10:52 | Construir | Mill |
| 10:56 | Construir | Palisade Gate |
| 11:16 | Construir | Palisade Gate |
| 11:29 | Crear | Villager (Male) |
| 11:30 | Crear | Archer |
| 11:36 | Construir | Palisade Wall |
| 11:37 | Construir | Palisade Wall |
| 11:40 | Crear | Villager (Male) |
| 11:44 | Investigar | Double-Bit Axe |
| 11:55 | Construir | Farm |
| 11:56 | Construir | Farm |
| 12:07 | Crear | Archer |
| 12:17 | Construir | House |
| 12:21 | Crear | Villager (Male) |
| 12:25 | Construir | Farm |
| 12:28 | Crear | Archer |
| 12:36 | Crear | Villager (Male) |
| 13:10 | Construir | Palisade Wall |
| 13:15 | Crear | Villager (Male) |
| 13:16 | Crear | Archer |
| 13:18 | Construir | Farm |
| 13:19 | Construir | Farm |
| 13:27 | Construir | Palisade Wall |
| 13:36 | Crear | Archer |
| 13:41 | Crear | Villager (Male) |
| 13:45 | Construir | Farm |
| 14:00 | Crear | Villager (Male) |
| 14:03 | Construir | House |
| 14:14 | Construir | House |
| 14:23 | Crear | Villager (Male) |
| 14:23 | Crear | Archer |
| 14:28 | Construir | House |
| 14:29 | Construir | Palisade Wall |
| 14:30 | Construir | Palisade Wall |
| 14:36 | Construir | Palisade Wall |
| 14:40 | Construir | Palisade Wall |
| 14:41 | Crear | Villager (Male) |
| 14:43 | Construir | Farm |
| 15:07 | Crear | Villager (Male) |
| 15:16 | Crear | Archer |
| 15:37 | Construir | Market |
| 15:44 | Crear | Archer |
| 15:45 | Crear | Villager (Male) |
| 16:02 | Crear | Archer |
| 16:12 | Construir | House |
| 16:16 | Crear | Villager (Male) |
| 16:49 | Investigar | Castle Age |
| 16:49 | Investigar | Castle Age |
| 16:49 | Investigar | Castle Age |
| 16:51 | Construir | Farm |
| 16:58 | Construir | Lumber Camp |
| 17:01 | Construir | House |
| 17:06 | Crear | Villager (Male) |
| 17:21 | Construir | Palisade Wall |
| 17:22 | Crear | Archer |
| 17:36 | Crear | Villager (Male) |
| 17:41 | Investigar | Gold Mining |
| 17:48 | Construir | House |
| 17:54 | Construir | House |
| 18:25 | Edad | Edad de los Castillos |
| 18:30 | Investigar | Crossbowman (upgrade) |
| 18:34 | Crear | Villager (Male) |
| 18:38 | Construir | Blacksmith |
| 18:44 | Crear | Archer |
| 18:44 | Crear | Archer |
| 18:45 | Crear | Villager (Male) |
| 18:53 | Crear | Villager (Male) |
| 19:10 | Investigar | Fletching |
| 19:37 | Crear | Villager (Male) |
| 19:38 | Crear | Archer |
| 19:42 | Construir | Town Center |
| 19:45 | Crear | Villager (Male) |
| 19:57 | Investigar | Bodkin Arrow |
| 19:57 | Investigar | Bodkin Arrow |
| 20:29 | Crear | Archer |
| 20:29 | Crear | Archer |
| 20:30 | Crear | Villager (Male) |
| 20:50 | Crear | Villager (Male) |
| 21:07 | Crear | Villager (Male) |
| 21:08 | Crear | Archer |
| 21:08 | Crear | Archer |
| 21:11 | Crear | Villager (Male) |
| 21:12 | Crear | Villager (Male) |
| 21:24 | Construir | Farm |
| 21:26 | Construir | Farm |
| 21:26 | Construir | Farm |
| 21:26 | Construir | Farm |
| 21:26 | Construir | Farm |
| 21:27 | Construir | Farm |
| 21:27 | Construir | Farm |
| 21:39 | Crear | Villager (Male) |
| 22:01 | Construir | Farm |
| 22:01 | Construir | Farm |
| 22:01 | Construir | Farm |
| 22:01 | Construir | Farm |
Cronología de la partida
| 4:35 | Danatis · wall_segment Palisade Wall x1 |
| 4:36 | Danatis · wall_segment Palisade Wall x1 |
| 5:06 | Danatis · first_building Barracks |
| 8:10 | DS_Uruguayo · first_building Barracks |
| 8:30 | DS_Uruguayo · age_up feudal |
| 9:12 | DS_Uruguayo · first_building Archery Range |
| 9:26 | Danatis · age_up feudal |
| 9:28 | Danatis · first_building Archery Range |
| 9:57 | DS_Uruguayo · wall_segment Palisade Wall x1 |
| 10:16 | DS_Uruguayo · wall_segment Palisade Wall x1 |
| 10:16 | DS_Uruguayo · wall_segment Palisade Wall x1 |
| 10:33 | Danatis · wall_segment Palisade Wall x1 |
| 10:34 | Danatis · wall_segment Palisade Wall x1 |
| 10:34 | Danatis · wall_segment Palisade Wall x1 |
| 10:34 | Danatis · wall_segment Palisade Wall x1 |
| 10:35 | Danatis · wall_segment Palisade Wall x1 |
| 11:36 | DS_Uruguayo · wall_segment Palisade Wall x5 |
| 11:37 | DS_Uruguayo · wall_segment Palisade Wall x6 |
| 12:31 | Danatis · wall_segment Palisade Wall x1 |
| 12:32 | Danatis · wall_segment Palisade Wall x1 |
| 12:32 | Danatis · wall_segment Palisade Wall x1 |
| 12:32 | Danatis · wall_segment Palisade Wall x1 |
| 12:33 | Danatis · wall_segment Palisade Wall x4 |
| 13:10 | DS_Uruguayo · wall_segment Palisade Wall x1 |
| 13:27 | DS_Uruguayo · wall_segment Palisade Wall x9 |
| 13:37 | Danatis · wall_segment Palisade Wall x11 |
| 13:43 | Danatis · wall_segment Palisade Wall x19 |
| 13:46 | Danatis · wall_segment Palisade Wall x1 |
| 13:46 | Danatis · wall_segment Palisade Wall x1 |
| 14:20 | Danatis · wall_segment Palisade Wall x1 |
| 14:29 | DS_Uruguayo · wall_segment Palisade Wall x1 |
| 14:30 | DS_Uruguayo · wall_segment Palisade Wall x1 |
| 14:31 | Danatis · wall_segment Palisade Wall x1 |
| 14:36 | DS_Uruguayo · wall_segment Palisade Wall x2 |
| 14:40 | DS_Uruguayo · wall_segment Palisade Wall x8 |
| 14:58 | Danatis · wall_segment Palisade Wall x5 |
| 15:15 | Danatis · wall_segment Palisade Wall x1 |
| 15:18 | Danatis · wall_segment Palisade Wall x2 |
| 16:36 | Danatis · wall_segment Palisade Wall x1 |
| 16:43 | DS_Uruguayo · first_market_buy 100 food |
| 16:44 | DS_Uruguayo · first_market_sell 100 wood |
| 17:21 | DS_Uruguayo · wall_segment Palisade Wall x1 |
| 18:25 | DS_Uruguayo · age_up castle |
| 19:39 | Danatis · age_up castle |
| 19:40 | Danatis · first_building Siege Workshop |
| 21:26 | Danatis · wall_segment Palisade Wall x1 |
| 23:56 | DS_Uruguayo · first_building Siege Workshop |
| 29:33 | Danatis · first_market_buy 100 stone |
| 33:19 | Danatis · first_market_sell 500 wood |
| 35:25 | Danatis · first_building Castle |
| 36:04 | DS_Uruguayo · resign |
[ ANÁLISIS IA · 1 CRÉDITO ]
¿Qué pasó realmente en esta partida?
Wolo.gg analiza cada decisión: build order, eco, micro, errores típicos por bracket. Análisis personalizado por WhatsApp o Discord en 30 segundos.
Guía civ
Celtas
Perfil
Jugador #6543545